AoeStats
← Marian

Arabia

509927651Analyzed
1v1 RM · 2d ago on Sep 28, 2026· 32m 42s· 2 players
Game mode
Random Map
Map size
Tiny (2 player)
Population
200
Speed
Normal
Resources
Standard
Victory
Conquest
Starting age
Dark Age
Ending age
Imperial Age
RankedLock teamsTeams togetherTeam positionsShared explorationLock speedFull tech treeHidden civsTurbo modeCheats
Victory
Defeat
🇷🇴 Koreans · Romania
595
+15
🇪🇸 Romans · Spain
580
-15
El Bamba
12:31 Feudal Age
13:36 Double-Bit Axe
15:01 Horse Collar
18:28 Forging
20:19 Fletching
23:52 Castle Age
32:05 Scale Mail Armor
32:29 Scale Barding Armor
Marian
13:54 Feudal Age
15:53 Horse Collar
16:05 Man-at-Arms
28:05 Castle Age
30:50 Pikeman
31:31 Squires
Connection lost

Rejoining the realm…

Still unreachable

The connection could not be restored.

Session expired

The server has moved on; the page needs a fresh start.